 Dungeon Crawl Stone Soup version 0.21.1-1-g345015f (webtiles) character file.

680 Melicamp the Skirmisher (level 7, -6/60 HPs)
             Began as a Gnoll Wanderer on Apr 5, 2018.
             Mangled by a wyvern (11 damage)
             ... on level 5 of the Dungeon.
             The game lasted 00:14:20 (4922 turns).

Melicamp the Skirmisher (Gnoll Wanderer)            Turns: 4922, Time: 00:14:20

Health: -6/60      AC:  9    Str: 17    XL:     7   Next: 60%
Magic:  15/15      EV: 11    Int: 13    God:
Gold:   174        SH:  0    Dex: 15    Spells: 17/17 levels left

rFire    . . .     SeeInvis .   b - +1 hand axe
rCold    . . .     Gourm    .   (no shield)
rNeg     . . .     Faith    .   a - +3 scale mail
rPois    .         Spirit   .   (no helmet)
rElec    .         Reflect  .   (no cloak)
rCorr    .         Harm     .   (no gloves)
MR       .....                  (no boots)
Stlth    +.........             (no amulet)
HPRegen  0.20/turn              (no ring)
MPRegen  0.14/turn              (no ring)

@: no status effects
A: distributed training, fangs 1, strong nose
a: no special abilities


You were on level 5 of the Dungeon.
You were very hungry.

You visited 1 branch of the dungeon, and saw 5 of its levels.

You collected 174 gold pieces.

Inventory:

Hand Weapons
 b - a +1 hand axe (weapon)
 d - a cursed -1 flail
 k - a +0 war axe
 q - a +2 flail of crushing
 s - a +2 rapier of holy wrath
Missiles
 e - 4 javelins
 f - 86 stones (quivered)
 g - 71 arrows
Armour
 a - a +3 scale mail (worn)
 r - a +0 plate armour
Wands
 i - a wand of digging (14)
Scrolls
 h - a scroll of enchant armour
 t - a scroll of noise {unknown}
Potions
 j - a potion of brilliance
 m - 2 potions of curing
 p - a potion of agility {unknown}
Books
 l - a book of Changes

   Spells                             Type                      Level
   a - Beastly Appendage              Transmutation                1
   b - Sticks to Snakes               Transmutation                2
   c - Spider Form                    Transmutation/Poison         3
   d - Ice Form                       Ice/Transmutation            4
   e - Blade Hands                    Transmutation                5
 n - a book of Maledictions

   Spells                             Type                      Level
   a - Corona                         Hexes                        1
   b - Ensorcelled Hibernation        Hexes/Ice                    2
   c - Confuse                        Hexes                        3
   d - Tukima's Dance                 Hexes                        3
   e - Dazzling Spray                 Conjuration/Hexes            3
Comestibles
 c - 5 rations


   Skills:
 + Level 7.0 Fighting
 + Level 2.5 Short Blades
 + Level 2.5 Long Blades
 + Level 3.6 Axes
 + Level 2.5 Maces & Flails
 + Level 2.5 Polearms
 + Level 2.5 Staves
 + Level 2.5 Slings
 + Level 2.5 Bows
 + Level 2.5 Crossbows
 + Level 3.6 Throwing
 + Level 3.6 Armour
 + Level 2.5 Dodging
 + Level 3.5 Stealth
 + Level 2.5 Shields
 + Level 2.5 Unarmed Combat
 + Level 5.6 Spellcasting
 + Level 2.0 Conjurations
 + Level 2.0 Hexes
 + Level 2.0 Charms
 + Level 3.0 Summonings
 + Level 2.0 Necromancy
 + Level 2.0 Translocations
 + Level 2.0 Transmutations
 + Level 2.0 Fire Magic
 + Level 2.0 Ice Magic
 + Level 2.0 Air Magic
 + Level 2.0 Earth Magic
 + Level 2.0 Poison Magic
 + Level 2.8 Invocations
 + Level 2.5 Evocations


You had 17 spell levels left.
You didn't know any spells.

Dungeon Overview and Level Annotations

Branches:
Dungeon (5/15)
 Temple: D:4-7

Altars:
Ashenzari
Sif Muna


Innate Abilities, Weirdness & Mutations

Your experience applies equally to all skills.
You have very sharp teeth.
Your uncanny sense of smell can sniff out nearby items.


Message History

You hit the wyvern.
The wyvern is heavily wounded.
The wyvern misses you.
You hit the wyvern but do no damage. Your bite misses the wyvern.
The wyvern is heavily wounded.
The wyvern bites you. The wyvern bites you!
* * * LOW HITPOINT WARNING * * *
You feel better. The wyvern closely misses you.
It was a potion of heal wounds.
You feel much better. The wyvern bites you!
* * * LOW HITPOINT WARNING * * *
The wyvern bites you!
* * * LOW HITPOINT WARNING * * *
Okay, then.
You completely miss the wyvern.
The wyvern is heavily wounded.
The wyvern barely misses you. x2
You hit the wyvern.
The wyvern is severely wounded.
The wyvern bites you!
You die...

#############
#...........#######
####...........#.....#
...+...........#.....#
.###[..........#.....#
...............#.....#######.
.##..........................
.##....[........#............
................@l....#######
..........####..#####.#
...>......+....... ...#
..........####...###.l.#
(.........# #..>.[....#
.........<+ ∆+....##.#.#
..........# #.. #. ..
..........# #.. ∆ #. ..
..........#


You could see a wyvern.

Vanquished Creatures
  Edmund (D:4)
  A phantom (D:5)
  An ogre (D:4)
  Blork the orc (D:4)
  A hound (D:4)
  An orc priest (D:3)
  A centaur skeleton (D:2)
  An iguana (D:4)
  A worker ant (D:3)
  A hound skeleton (D:4)
  4 gnolls (D:4)
  4 adders
  An ooze (D:3)
  An adder skeleton (D:5)
  5 worms
  2 dart slugs (D:1)
  2 leopard geckos
  3 orcs (D:3)
  7 bats
  4 giant cockroaches
  9 goblins
  3 hobgoblins (D:3)
  2 jackals (D:3)
  A ball python (D:2)
  6 frilled lizards
  7 kobolds
  6 rats
77 creatures vanquished.

Notes
Turn   | Place    | Note
-------+----------+-------------------------------------------
     0 | D:1      | Melicamp the Gnoll Wanderer began the quest for the Orb.
     0 | D:1      | Melicamp set off with: a +2 scale mail, a +0 hand axe, a potion of lignification, a ration
     0 | D:1      | Reached XP level 1. HP: 23/23 MP: 6/6
   345 | D:1      | Reached XP level 2. HP: 27/29 MP: 7/7
  1049 | D:2      | Reached skill level 5 in Spellcasting
  1049 | D:2      | Reached XP level 3. HP: 35/35 MP: 7/9
  1189 | D:2      | Reached skill level 1 in Short Blades
  1189 | D:2      | Reached skill level 1 in Long Blades
  1189 | D:2      | Reached skill level 1 in Maces & Flails
  1189 | D:2      | Reached skill level 1 in Polearms
  1189 | D:2      | Reached skill level 1 in Staves
  1189 | D:2      | Reached skill level 1 in Slings
  1189 | D:2      | Reached skill level 1 in Bows
  1189 | D:2      | Reached skill level 1 in Crossbows
  1189 | D:2      | Reached skill level 1 in Dodging
  1189 | D:2      | Reached skill level 1 in Shields
  1189 | D:2      | Reached skill level 1 in Unarmed Combat
  1189 | D:2      | Reached skill level 1 in Invocations
  1189 | D:2      | Reached skill level 1 in Evocations
  1189 | D:2      | Reached XP level 4. HP: 31/41 MP: 11/11
  1739 | D:3      | Found a faded altar of an unknown god.
  1826 | D:3      | Reached skill level 1 in Conjurations
  1826 | D:3      | Reached skill level 1 in Hexes
  1826 | D:3      | Reached skill level 1 in Charms
  1826 | D:3      | Reached skill level 1 in Necromancy
  1826 | D:3      | Reached skill level 1 in Translocations
  1826 | D:3      | Reached skill level 1 in Transmutations
  1826 | D:3      | Reached skill level 1 in Fire Magic
  1826 | D:3      | Reached skill level 1 in Ice Magic
  1826 | D:3      | Reached skill level 1 in Air Magic
  1826 | D:3      | Reached skill level 1 in Earth Magic
  1826 | D:3      | Reached skill level 1 in Poison Magic
  1916 | D:3      | Found a shattered altar of Ashenzari.
  2132 | D:3      | Reached XP level 5. HP: 21/47 MP: 12/12
  2973 | D:4      | Noticed Blork the orc
  2997 | D:4      | Killed Blork the orc
  2997 | D:4      | Reached XP level 6. HP: 15/53 MP: 13/13
  4150 | D:4      | Found a deep blue altar of Sif Muna.
  4315 | D:5      | Entered Level 5 of the Dungeon
  4315 | D:5      | Noticed Edmund
  4341 | D:4      | Killed Edmund
  4341 | D:4      | Reached skill level 7 in Fighting
  4341 | D:4      | Reached XP level 7. HP: 32/60 MP: 15/15
  4900 | D:5      | Noticed a wyvern
  4922 | D:5      | Mangled by a wyvern

Skill      XL: |  1  2  3  4  5  6  7 |
---------------+----------------------+-----
Summonings     | 2 3 |  3.0
Spellcasting   | 5 |  5.6
Short Blades   | 1 2 |  2.5
Long Blades    | 1 2 |  2.5
Maces & Flails | 1 2 |  2.5
Polearms       | 1 2 |  2.5
Staves         | 1 2 |  2.5
Slings         | 1 2 |  2.5
Bows           | 1 2 |  2.5
Crossbows      | 1 2 |  2.5
Dodging        | 1 2 |  2.5
Shields        | 1 2 |  2.5
Unarmed Combat | 1 2 |  2.5
Invocations    | 1 2 |  2.8
Evocations     | 1 2 |  2.5
Conjurations   | 1 2 |  2.0
Hexes          | 1 2 |  2.0
Charms         | 1 2 |  2.0
Necromancy     | 1 2 |  2.0
Translocations | 1 2 |  2.0
Transmutations | 1 2 |  2.0
Fire Magic     | 1 2 |  2.0
Ice Magic      | 1 2 |  2.0
Air Magic      | 1 2 |  2.0
Earth Magic    | 1 2 |  2.0
Poison Magic   | 1 2 |  2.0
Axes           | 3 |  3.6
Throwing       | 3 |  3.6
Armour         | 3 |  3.6
Stealth        | 3 |  3.5
Fighting       | 7 |  7.0

Action                   |  1- 3 |  4- 6 |  7- 9 || total
-------------------------+-------+-------+-------++-------
Melee: Hand axe          |    73 |   235 |    69 ||   377
       Bite              |    11 |    40 |     9 ||    60
       Punch             |       |     3 |     2 ||     5
Throw: Stone             |     1 |     1 |       ||     2
  Use: Scroll            |     2 |     7 |       ||     9
       Potion            |       |     3 |     2 ||     5
  Eat: Chunk             |       |     5 |       ||     5
       Ration            |       |     2 |       ||     2
Armor: Scale mail        |    42 |   102 |    38 ||   182
       Skin              |       |     4 |       ||     4
Dodge: Dodged            |    39 |   100 |    36 ||   175
